 Dungeon Crawl Stone Soup version 0.24.0-41-g2ae2f7f1be (webtiles) character file.

Game seed: 14504409212705078758, levelgen mode: deterministic

7618 Glalom the Cleaver (level 11, -2/102 HPs)
             Began as a Hill Orc Berserker on Dec 14, 2019.
             Was a High Priest of Trog.
             Slain by Snorg (13 damage)
             ... on level 11 of the Dungeon on Dec 15, 2019.
             The game lasted 00:24:46 (10871 turns).

Glalom the Cleaver (Hill Orc Berserker)            Turns: 10871, Time: 00:24:47

Health: -2/102     AC: 14    Str: 24    XL:     11   Next: 18%
Magic:  11/11      EV: 14    Int:  7    God:    Trog [*****.]
Gold:   671        SH: 11    Dex: 10    Spells: 10/10 levels left

rFire    . . .     SeeInvis +   E - +0 hand axe (chop)
rCold    . . .     Gourm    .   I - +0 shield
rNeg     . . .     Faith    .   K - +4 ring mail
rPois    .         Spirit   .   z - +2 helmet
rElec    .         Reflect  .   L - +0 cloak (curse)
rCorr    .         Harm     .   (no gloves)
MR       .....                  (no boots)
Stlth    ..........             x - amulet of regeneration
HPRegen  0.67/turn              l - +4 ring of evasion
MPRegen  0.12/turn              D - ring of see invisible

@: starving
A: no striking features
a: Berserk, Trog's Hand, Brothers in Arms, Renounce Religion


You were on level 11 of the Dungeon.
You worshipped Trog.
Trog was extremely pleased with you.
You were starving.

You visited 1 branch of the dungeon, and saw 11 of its levels.

You collected 671 gold pieces.

Inventory:

Hand Weapons
 E - a +0 hand axe of chopping (weapon)
 J - the +2 flail of Tubu {vamp, rF- Dex+7, unknown}
   (You found it on level 10 of the Dungeon)

   It inflicts no extra harm, but heals its wielder when it wounds a living foe.
   It affects your dexterity (+7).
   It makes you vulnerable to fire.
Missiles
 G - 4 javelins (quivered)
Armour
 y - a scarf of repulsion
 z - a +2 helmet (worn)
 I - a +0 shield (worn)
 K - a +4 ring mail (worn)
 L - a cursed +0 cloak (worn)
Jewellery
 l - a +4 ring of evasion (left hand)
 x - an amulet of regeneration (around neck)
 D - a ring of see invisible (right hand)
Wands
 a - a wand of enslavement (3)
 n - a wand of flame (17)
 H - a wand of acid (7)
Scrolls
 b - 3 scrolls of noise {unknown}
 d - 3 scrolls of enchant weapon {unknown}
 f - 3 scrolls of amnesia {unknown}
 g - 2 scrolls of immolation {unknown}
 h - 4 scrolls of identify
 j - 2 scrolls of magic mapping {unknown}
 k - 2 scrolls of blinking {unknown}
 m - 8 scrolls of teleportation {unknown}
 o - a scroll of fog {unknown}
 r - a scroll of fear {unknown}
 s - a scroll of remove curse {unknown}
 w - 3 scrolls of enchant armour {unknown}
 A - a scroll of random uselessness {unknown}
 B - a scroll of silence {unknown}
Potions
 e - 2 potions of brilliance {unknown}
 i - 2 potions of degeneration {unknown}
 p - a potion of lignification {unknown}
 q - 3 potions of heal wounds {unknown}
 t - 2 potions of flight {unknown}
 u - a potion of mutation {unknown}
 v - a potion of might {unknown}
 C - 2 potions of curing {unknown}
 F - a potion of ambrosia {unknown}
Comestibles
 c - 18 rations


   Skills:
 + Level 11.4 Fighting
 - Level 14.0 Axes
 - Level 6.1 Armour
 - Level 1.5 Dodging
 + Level 8.2 Shields


You had 10 spell levels left.
You didn't know any spells.
Your spell library was empty.

Dungeon Overview and Level Annotations

Branches:
Dungeon (11/15)            Temple (0/1) D:4            Lair (0/6) D:8
    Orc (0/2) D:10

Altars:
Ashenzari
Fedhas
Nemelex Xobeh
Ru
Sif Muna
Trog
Vehumet
The Shining One

Annotations:
D:3 Grinder
D:10 2 transporters, TrebMcFLY's ghost, novice TrMo
D:11 Snorg


Message History

You hit Snorg but do no damage.
Snorg is almost dead.
You barely miss Snorg.
Snorg is almost dead.
Snorg closely misses you. You block Snorg's attack. Snorg claws you.
You hit Snorg but do no damage.
Snorg is almost dead.
You block Snorg's attack. x2; Snorg claws you.
You hit Snorg but do no damage.
Snorg is almost dead.
Snorg bites you.
* * * LOW HITPOINT WARNING * * *
You block Snorg's attack. Snorg claws you.
* * * LOW HITPOINT WARNING * * *
You hit Snorg.
Snorg is almost dead.
Snorg bites you!
* * * LOW HITPOINT WARNING * * *
Snorg claws you!
You die...

##.. #.. #.#
##.##########
#.<.........#
#...........###
#.........$..[.
#...........#
#.....?@T...#
#############


You could see Snorg (berserk).

Vanquished Creatures
  A two-headed ogre (D:10)
  Erica (D:8)
  An unseen horror (D:9)
  2 hornets (D:10)
  A yak (D:8)
  A hungry ghost (D:9)
  A soldier ant (D:10)
  3 porcupines (D:8)
  2 ice beasts
  3 orc warriors
  7 black bears
  2 phantoms
  3 ogres
  3 centaurs
  3 big kobolds
  3 bullfrogs (D:8)
  A gnoll sergeant (D:8)
  3 scorpions
  9 killer bees (D:8)
  7 wights
  5 crimson imps
  A bullfrog zombie (D:10)
  4 hounds
  A quasit (D:9)
  A centaur zombie (D:10)
  3 jellies
  4 centaur skeletons
  4 orc priests
  3 iguanas
  14 orc wizards
  9 worker ants
  4 gnolls (D:8)
  7 adders
  3 shadow imps
  2 oozes
  2 adder skeletons
  An adder zombie (D:6)
  A worm (D:2)
  4 leopard geckos
  53 orcs
  3 giant cockroaches
  4 goblins
  11 hobgoblins
  4 jackals
  20 kobolds
  3 quokkas
  9 bats
  8 frilled lizards
  A jackal skeleton (D:5)
  2 leopard gecko skeletons
  9 rats
  A fungus (D:8)
258 creatures vanquished.

Vanquished Creatures (others)
  48 fungi (D:8)
  16 plants (D:8)
64 creatures vanquished.

Grand Total: 322 creatures vanquished

Notes
Turn   | Place    | Note
-------+----------+-------------------------------------------
     0 | D:1      | Glalom the Hill Orc Berserker began the quest for the Orb.
     0 | D:1      | Reached XP level 1. HP: 19/19 MP: 1/1
   285 | D:1      | Reached XP level 2. HP: 22/26 MP: 2/2
   464 | D:1      | Reached skill level 5 in Axes
  1424 | D:2      | Reached XP level 3. HP: 31/31 MP: 3/3
  1474 | D:2      | Reached ** piety under Trog
  1545 | D:2      | Reached skill level 6 in Axes
  1705 | D:2      | Reached XP level 4. HP: 39/39 MP: 4/4
  2301 | D:3      | Noticed Grinder
  2301 | D:3      | Paralysed by Grinder for 4 turns
  2313 | D:3      | Paralysed by Grinder for 5 turns
  2584 | D:4      | Reached skill level 7 in Axes
  2584 | D:4      | Reached XP level 5. HP: 42/45 MP: 5/5
  2624 | D:4      | Found a staircase to the Ecumenical Temple.
  3044 | D:4      | Reached skill level 8 in Axes
  3462 | D:5      | Entered Level 5 of the Dungeon
  3593 | D:3      | Paralysed by Grinder for 3 turns
  3603 | D:3      | Paralysed by Grinder for 3 turns
  3947 | D:3      | Found a sparkling altar of Nemelex Xobeh.
  4536 | D:5      | Reached XP level 6. HP: 51/51 MP: 6/6
  4670 | D:5      | Reached skill level 9 in Axes
  4823 | D:5      | Reached *** piety under Trog
  4827 | D:5      | Reached skill level 10 in Axes
  4827 | D:5      | Reached XP level 7. HP: 48/57 MP: 7/7
  5042 | D:5      | Got a fabulously ornate robe
  5043 | D:5      | Identified the +0 robe of Daisies {Str+2} (You found it on
                  | level 5 of the Dungeon)
  5254 | D:5      | Found a sacrificial altar of Ru.
  6109 | D:6      | Reached skill level 11 in Axes
  6593 | D:6      | Reached XP level 8. HP: 39/66 MP: 8/8
  7476 | D:7      | Reached **** piety under Trog
  7476 | D:7      | Reached skill level 5 in Fighting
  7488 | D:7      | Reached skill level 12 in Axes
  7875 | D:8      | Reached XP level 9. HP: 49/75 MP: 9/9
  7877 | D:8      | Reached skill level 5 in Armour
  7930 | D:8      | Reached skill level 13 in Axes
  8183 | D:8      | Found a shattered altar of Ashenzari.
  8270 | D:8      | Reached skill level 14 in Axes
  8337 | D:8      | Reached skill level 1 in Shields
  8342 | D:8      | Found a staircase to the Lair.
  8554 | D:8      | Reached XP level 10. HP: 85/88 MP: 10/10
  8752 | D:8      | Noticed Erica
  8765 | D:8      | Killed Erica
  9192 | D:9      | Reached skill level 5 in Shields
  9286 | D:9      | Found a blossoming altar of Fedhas.
  9304 | D:9      | Reached ***** piety under Trog
  9352 | D:9      | Found a shimmering blue altar of Sif Muna.
  9355 | D:9      | Found a bloodstained altar of Trog.
  9358 | D:9      | Found a glowing golden altar of the Shining One.
  9361 | D:9      | Found a radiant altar of Vehumet.
  9527 | D:9      | Noticed an unseen horror
  9552 | D:9      | Killed an unseen horror
  9552 | D:9      | Reached skill level 10 in Fighting
  9774 | D:10     | Entered Level 10 of the Dungeon
  9945 | D:10     | Found a radiant altar of Vehumet.
 10016 | D:10     | Found a staircase to the Orcish Mines.
 10152 | D:10     | Paralysed by a hornet for 3 turns
 10175 | D:10     | Reached XP level 11. HP: 91/101 MP: 11/11
 10315 | D:10     | Found a transporter.
 10317 | D:10     | Found a transporter.
 10317 | D:10     | Noticed TrebMcFLY's ghost (novice TrMo)
 10483 | D:10     | Noticed a two-headed ogre
 10498 | D:10     | Killed a two-headed ogre
 10506 | D:10     | Got a faintly glowing flail
 10847 | D:11     | Noticed Snorg
 10871 | D:11     | Slain by Snorg

Levels and vault maps discovered:
D:1:      onia_arrival_mini_maze, layout_loops_cross
D:2:      layout_rooms, serial_corexii_hall, corexii_hall_statues_x,
          corexii_hall_statues_x, first_ration
D:3:      layout_loops_corners, old_standard_altar, uniq_grinder
D:4:      layout_layer_cave, minmay_temple_entry_crystal_x
D:5:      layout_basic, nicolae_ru_awakened_eye
D:6:      layout_loops_corners
D:7:      layout_loops_ring
D:8:      layout_basic, nicolae_ashenzari_panopticon,
          due_lair_maze_entry_diamond, uniq_erica
D:9:      layout_irregular_city, grunt_temple_overflow_cloverleaf, basic_altar
D:10:     layout_loops_ring, hiddenorc2_lemuel, gammafunk_ghost_hive,
          basic_altar, hangedman_pestilent_swarm
D:11:     layout_roguey, uniq_snorg

Skill      XL: |  1  2  3  4  5  6  7  8  9 10 11 |
---------------+----------------------------------+-----
Axes           | 5 6 7 8 10 11 12 14 | 14.0
Fighting       | 4 6 8 10 11 | 11.4
Armour         | 3 4 6 |  6.1
Shields        | 3 7 8 |  8.2
Dodging        | |  1.5

Action                   |  1- 3 |  4- 6 |  7- 9 | 10-12 || total
-------------------------+-------+-------+-------+-------++-------
Melee: Hand axe          |    56 |       |   357 |   393 ||   806
       Whip              |    39 |   136 |    54 |       ||   229
Invok: Berserk           |       |     1 |     3 |     2 ||     6
       Trog's Hand       |       |       |     3 |     3 ||     6
  Use: Scroll            |       |       |     2 |       ||     2
 Stab: Sleeping          |     1 |       |       |       ||     1
  Eat: Chunk             |     2 |    10 |    13 |    10 ||    35
       Ration            |       |       |     1 |       ||     1
Armor: Animal skin       |    14 |     8 |       |       ||    22
       Chain mail        |       |    31 |    64 |       ||    95
       Ring mail         |       |       |   120 |    82 ||   202
Dodge: Dodged            |    49 |    48 |   211 |   137 ||   445
Block: Shield            |       |       |   122 |   134 ||   256
